 Dungeon Crawl Stone Soup version 0.28.0-49-g6dfe1f597d (webtiles) character file.

Game seed: 5739379607109113683

114 Zeld the Digger (level 4, -5/26 HPs)
             Began as a Gargoyle Earth Elementalist on May 17, 2022.
             Killed by divine providence
             ... invoked by an orc priest
              (11 damage)
             ... on level 3 of the Dungeon.
             The game lasted 00:03:01 (2245 turns).

Zeld the Digger (Gargoyle Earth Elementalist)       Turns: 2245, Time: 00:03:02

Health: -5/26      AC:  7    Str: 12    XL:     4   Next: 97%
Magic:  8/8        EV: 12    Int: 17    God:
Gold:   37         SH:  0    Dex: 10    Spells: 2/8 levels left

rFire   . . .      SeeInvis +   a - +2 mace (protect)
rCold   . . .      Faith    .   (no shield)
rNeg    + . .      Spirit   .   b - +0 robe
rPois   ∞          Reflect  .   (no helmet)
rElec   +          Harm     .   (no cloak)
rCorr   .          Rampage  .   q - +0 pair of gloves
Will    .....                   p - +0 pair of boots
Stlth   ++........              (no amulet)
HPRegen 0.08/turn               n - ring of see invisible
MPRegen 0.11/turn               (no ring)

@: no status effects
A: sickness immunity, AC +3, negative energy resistance 1, electricity
resistance, torment resistance 1, petrification resistance
a: no special abilities


You were on level 3 of the Dungeon.
You visited 1 branch of the dungeon, and saw 3 of its levels.

You collected 37 gold pieces.

Inventory:

Hand Weapons
 a - a +2 mace of protection (weapon)
Missiles
 c - 94 stones
Armour
 b - a +0 robe (worn)
 p - a +0 pair of boots (worn)
 q - a +0 pair of gloves (worn)
Jewellery
 n - a ring of see invisible (left hand)
Scrolls
 d - 2 scrolls of enchant weapon {unknown}
 f - a scroll of vulnerability {unknown}
 g - a scroll of blinking {unknown}
 h - a scroll of identify {unknown}
 j - a scroll of noise {unknown}
Potions
 e - a potion of cancellation {unknown}
 i - a potion of haste {unknown}
 k - a potion of ambrosia {unknown}
 l - a potion of attraction {unknown}
 o - a potion of curing {unknown}


   Skills:
 * Level 2.0 Fighting
 * Level 1.8 Armour
 + Level 1.9 Dodging
 + Level 2.8 Stealth
 * Level 2.7 Spellcasting
 - Level 1.0 Transmutations
 * Level 4.2 Earth Magic


You had 2 spell levels left.
You knew the following spells:

 Your Spells              Type           Power      Damage    Failure   Level
a - Sandblast             Erth           32%        2d9       3%          1
b - Passwall              Tmut/Erth      9%         N/A       10%         2
c - Stone Arrow           Conj/Erth      18%        3d8       22%         3

Your spell library contained the following spells:

 Spells                   Type           Power      Damage    Failure   Level
 Petrify                  Tmut/Erth      11%        N/A       52%         4


Dungeon Overview and Level Annotations

Branches:
Dungeon (3/15)

Altars:
Zin


Innate Abilities, Weirdness & Mutations

You are immune to sickness and miasma.
Your stone body is resilient. (AC +3)
You are immune to poison.
You resist negative energy. (rN+)
You are resistant to electric shocks. (rElec)
You are resistant to unholy torment.
You are immune to petrification.


Message History

You hit the giant cockroach.
Your weapon exudes an aura of protection.
The giant cockroach is moderately wounded.
The giant cockroach misses you.
You hit the giant cockroach.
You kill the giant cockroach!
No target in view!
Found a pair of boots.
No target in view!
o - a glowing amethyst potion No target in view!
No target in view!
No target in view!
Search for what [Enter for "armor", or ? for help]?
You see here a +0 pair of boots.
p - a +0 pair of boots You start putting on your armour.
You continue putting on your +0 pair of boots. x4
You finish putting on your +0 pair of boots.
Adjust to which letter? (? for menu, Esc to quit)
q - a +0 pair of gloves (worn)
An orc comes into view. It is wielding a +0 war axe.
An orc is nearby!
An orc is nearby!
An orc priest and an orc come into view.
The orc shouts! x2
An orc comes into view. It is wielding a +0 hand axe.
An orc comes into view. It is wielding a +0 hand axe.
The orc hits you with a +0 war axe!
The orc priest calls down the wrath of Beogh upon you.
Beogh smites you!
An orc comes into view. It is wielding a +0 club.
The orc shouts!
You are too injured to fight recklessly!
You are too injured to fight recklessly!
The orc hits you with a +0 war axe.
* * * LOW HITPOINT WARNING * * *
The orc priest mumbles some strange prayers to Beogh against you.
Beogh smites you!
You die...

....#########......
........##....#....
####.......###.....
#####....#...PPP ..
#............. ....#
###.###.#.###... ......
###....##.....#...
......######...##.####.#.....
...........o@####.# #..#.....
........o#####≈.≈##.###....
........o......#≈.≈#.. #....
....♣.♣.♣......#≈.≈######..<.
......o.....####≈.≈#.........
...♣.♣o♣......#≈.≈#.........
...............#≈.≈######....
......########.#≈.≈# #....
.o..o. .# #....


You could see an orc priest and 3 orcs.

Vanquished Creatures
  Jessica (D:2)
  An iguana (D:2)
  2 adders
  A worm (D:2)
  2 dart slugs
  4 ball pythons
  5 endoplasms
  A giant cockroach (D:3)
  2 goblins
  7 hobgoblins
  2 kobolds (D:1)
  A quokka (D:1)
  2 bats (D:1)
  2 frilled lizards
  7 rats
40 creatures vanquished.

Notes
Turn   | Place    | Note
-------+----------+-------------------------------------------
     0 | D:1      | Zeld the Gargoyle Earth Elementalist began the quest for
                  | the Orb.
     0 | D:1      | Reached XP level 1. HP: 10/10 MP: 3/3
   345 | D:1      | Found a faded altar of an unknown god.
   392 | D:1      | Reached XP level 2. HP: 16/16 MP: 3/5
   515 | D:1      | Learned a level 2 spell: Passwall
   538 | D:1      | Reached skill level 1 in Armour
   592 | D:1      | Reached skill level 1 in Fighting
  1093 | D:1      | Reached XP level 3. HP: 18/20 MP: 6/6
  1104 | D:1      | Learned a level 3 spell: Stone Arrow
  1185 | D:2      | Reached skill level 1 in Transmutations
  1190 | D:2      | Reached skill level 4 in Earth Magic
  1260 | D:2      | Reached XP level 4. HP: 26/26 MP: 7/7
  1636 | D:2      | Noticed Jessica
  1640 | D:2      | Killed Jessica
  1975 | D:3      | Found a glowing silver altar of Zin.
  2245 | D:3      | Killed from afar by an orc priest

Illustrated notes

Levels and vault maps discovered:
D:1:      minmay_arrival_pointy, layout_basic,
          shapermc_ecumenical_altar_flowoftime
D:2:      layout_loops_ring, minmay_misc_feat_chi, nrook_mini_vaults,
          uniq_jessica
D:3:      layout_rooms, nicolae_yredelemnul_corpse_copse,
          mainiacjoe_overflow_boulevard, serial_shops, shop, serial_forest,
          infiniplex_forest_lined_1, infiniplex_forest_lined_1,
          infiniplex_forest_corner_2, infiniplex_forest_end_3,
          infiniplex_forest_straight_3, infiniplex_forest_clump_tiny,
          infiniplex_forest_lined_ring, amcnicky_mini_rare_corridor_liquid

Skill      XL: |  1  2  3  4 |
---------------+-------------+-----
Armour         | 1 |  1.8
Fighting       | 1 2 |  2.0
Transmutations | 1 |  1.0
Earth Magic    | 4 |  4.2
Dodging        | |  1.9
Stealth        | |  2.8
Spellcasting   | |  2.7

Action                   |  1- 3 |  4- 6 || total
-------------------------+-------+-------++-------
Melee: Unarmed           |     8 |       ||     8
       Mace              |    27 |    42 ||    69
 Cast: Sandblast         |    20 |       ||    20
 Stab: Sleeping          |     2 |     4 ||     6
Armor: Robe              |    15 |    15 ||    30
Dodge: Dodged            |    33 |    22 ||    55
